 Dungeon Crawl Stone Soup version 0.28-a0-1152-g9c71ebef14 (webtiles) character file.

Game seed: 16245364927647292546

9 spaghetti the Sneak (level 2, -2/25 HPs)
             Began as a Djinni Delver on Dec 14, 2021.
             Slain by a bullfrog skeleton (6 damage)
             ... on level 6 of the Dungeon.
             The game lasted 00:01:04 (262 turns).

spaghetti the Sneak (Djinni Delver)                  Turns: 262, Time: 00:01:04

Health: -2/25      AC:  3    Str: 11    XL:     2   Next: 20%
Gold:   0          EV: 12    Int: 11    God:
                   SH:  0    Dex: 14

rFire   + + .      SeeInvis .   a - +0 falchion {long}
rCold   x . .      Faith    .   (no shield)
rNeg    . . .      Spirit   .   b - +0 leather armour
rPois   ∞          Reflect  .   (no helmet)
rElec   .          Harm     .   (no cloak)
rCorr   .          Rampage  .   (no gloves)
Will    .....                   (boots unavailable)
Stlth   ++........              (no amulet)
HPRegen 0.08/turn               (no ring)
MPRegen 0.00/turn               (no ring)

@: flying
A: sickness immunity, fire resistance 2, cold vulnerability 1, float, innate
caster, hp casting, extra vitality 1
a: no special abilities


You were on level 6 of the Dungeon.
You visited 1 branch of the dungeon, and saw 3 of its levels.


Innate Abilities, Weirdness & Mutations

You are immune to sickness and miasma.
You are immune to poison.
Your flesh is very heat resistant. (rF++)
You are vulnerable to cold. (rC-)
You float through the air rather than walking.
You learn spells naturally, not from books.
Your magical power is your life essence.
You have superior vitality. (+4 HP)


   Skills:
 - Level 3.0 Fighting
 - Level 1.7 Long Blades
 + Level 3.1 Dodging
 - Level 4.1 Stealth


You had one spell level left.
You didn't know any spells.
Your spell library was empty.

Inventory:

Hand Weapons
 a - a +0 falchion (weapon) {long}
Armour
 b - a +0 leather armour (worn)
 d - a +0 crystal plate armour {rare=g}
   (You found it on level 6 of the Dungeon)
Wands
 g - a wand of digging (3)
Scrolls
 c - a scroll of fog
Potions
 f - a potion of haste {@q3}

Dungeon Overview and Level Annotations

Branches:
Dungeon (7/15)
 Temple: D:4-7

Altars:

#..........##
#........#,,,*****
#.##.......####......(.,***,*
#.###.......##.....?.#*,,,*,*
#..###...............#*******
#.## #............(..## #.#
##...............# #.#
###...##.....##..#*
#.####...######.Z##**..#*
#.##...### #..@## **..#*
#.##..## *#....# **..#*
#.##.## *#..##.# **..* *,*###
*#..#*#.#* **.*
*,,*,*****#..#* #..*********
*,,,,,,**...#* ##..,,,**,,**
****,,,,,..#* ***,.#,,,**,,,*
**,,,,..****,,,.#*****,,,*
**,,,,,,*,,,**.# *,***


You could see a bullfrog skeleton.


Message History

You fly downwards.
There is a stone staircase leading up here.
Unknown command.
Unknown command.
Unknown command.
You fly upwards.
There is a stone staircase leading down here.
Unknown command.
You start resting.
A hound is nearby! 😮 HP[+1] 😮 HP[+1]
You start resting. 😎 HP[+8]
Your hp is fully restored (20).
An adder comes into view.
You see here a +0 crystal plate armour {rare=g}.
d - a +0 crystal plate armour {rare=g}
Okay, then.
Okay, then.
You miss the adder. The adder bites you but does no damage.
The adder barely misses you.
You hit the adder. The adder bites you but does no damage.
You miss the adder. The adder closely misses you. The adder bites you. 😕 HP[-4]
You take 4 damage, and now have 16/20 hp.
Unknown command.
Okay, then.
Okay, then.
You barely miss the adder. The adder closely misses you.
You miss the adder. The adder bites you but does no damage.
The adder misses you.
You closely miss the adder. The adder bites you but does no damage.
The adder barely misses you.
You closely miss the adder. The adder barely misses you.
You closely miss the adder. The adder bites you but does no damage.
The adder bites you. 😮 HP[-3]
You take 3 damage, and now have 13/20 hp.
Unknown command.
Okay, then.
You hit the adder but do no damage. The adder closely misses you.
You barely miss the adder. The adder closely misses you. x2
You slash the adder! The adder bites you but does no damage.
A bullfrog skeleton comes into view.
The adder bites you but does no damage. 😮 HP[+1]
The adder bites you but does no damage.
You hit the adder.
You kill the adder!
Your Dodging skill increases to level 3!
You have reached level 2! 😮 HP[+3]
You now have 25 max hp (+5).
You regained 3 hp, and now have 17/25 hp.
Unknown command.
You start resting.
A bullfrog skeleton is nearby!
The bullfrog skeleton closely misses you.
You see here an adder corpse. 😮 HP[+1]
You hit the bullfrog skeleton. The bullfrog skeleton hits you.
The bullfrog skeleton closely misses you. 😮 HP[-4]
You take 4 damage, and now have 14/25 hp.
You hit the bullfrog skeleton. The bullfrog skeleton hits you.
* * * LOW HITPOINT WARNING * * *
😨 HP[-2]
You take 2 damage, and now have 12/25 hp.
Unknown command.
You hit the bullfrog skeleton. The bullfrog skeleton hits you.
* * * LOW HITPOINT WARNING * * *
The bullfrog skeleton closely misses you. 😨 HP[-1]
You take 1 damage, and now have 11/25 hp.
You hit the bullfrog skeleton.
The bullfrog skeleton barely misses you.
The bullfrog skeleton closely misses you.
You hit the bullfrog skeleton.
The bullfrog skeleton closely misses you.
You barely miss the bullfrog skeleton.
The bullfrog skeleton completely misses you.
The bullfrog skeleton misses you.
Unknown command.
You barely miss the bullfrog skeleton.
The bullfrog skeleton barely misses you.
You hit the bullfrog skeleton. The bullfrog skeleton hits you.
* * * LOW HITPOINT WARNING * * *
The bullfrog skeleton barely misses you. 😨 HP[-2]
You take 2 damage, and now have 9/25 hp.
Unknown command.
You barely miss the bullfrog skeleton. The bullfrog skeleton hits you.
* * * LOW HITPOINT WARNING * * *
😱 HP[-6]
You take 6 damage, and now have 3/25 hp.
MASSIVE DAMAGE!! (PAUSE)
Your leather armour prevents you from hitting the bullfrog skeleton.
The bullfrog skeleton hits you.
You die...

Skill      XL: |  1 |
---------------+----+-----
Dodging        | 3 |  3.1
Fighting       | |  3.0
Long Blades    | |  1.7
Stealth        | |  4.1

Action                   || total
-------------------------++-------
Melee: Falchion          ||    25
  Use: Scroll            ||     2
Armor: Leather armour    ||    10
Dodge: Dodged            ||    27

Levels and vault maps discovered:
D:5:      layout_basic, lemuel_round_altar, minmay_strange_pillars
D:6:      layout_layer_cave
D:7:      layout_loops_cross, minmay_temple_entry_fiery, serial_shops,
          nicolae_take_the_stairs, minmay_misc_feat_plants

Notes
Turn   | Place    | Note
-------+----------+-------------------------------------------
     0 | D:5      | spaghetti the Djinni Delver began the quest for the Orb.
     0 | D:5      | Reached XP level 1. HP: 20/20 MP: 0/0
     0 | D:5      | magus.rc [v1.9.6]
    15 | D:5      | Noticed a water moccasin zombie
    21 | D:6      | Noticed a hound
    38 | D:7      | Noticed a gnoll shaman
    38 | D:7      | Noticed a scorpion
   232 | D:6      | Identified a +0 crystal plate armour
   233 | D:6      | d - a +0 crystal plate armour {rare=g}
   250 | D:6      | Reached skill level 3 in Dodging
   250 | D:6      | Reached XP level 2. HP: 17/25 MP: 0/0
   261 | D:6      | HP: 3/25 [bullfrog skeleton (6)]
   262 | D:6      | Slain by a bullfrog skeleton

Vanquished Creatures
  An adder (D:6)
1 creature vanquished.

Table legend:
 A = Non-vault XP
 B = Vault XP
 C = Vault XP percentage of total XP
 D = Non-vault monster count
 E = Vault monster count
 F = Vault count percentage of total count
                 A         B        C        D         E       F
            +---------+---------+-------+---------+---------+-------
      Total |      13 |       0 |   0.0 |       1 |       0 |   0.0
            +---------+---------+-------+---------+---------+-------
        D:6 |      13 |       0 |   0.0 |       1 |       0 |   0.0
            +---------+---------+-------+---------+---------+-------

Illustrated notes

Table legend:
 A = Kills in this place as a percentage of kills in entire the game.
 B = Kills by you in this place as a percentage of kills by you in the entire game.
 C = Kills by friends in this place as a percentage of kills by friends in the entire game.
 D = Other kills in this place as a percentage of other kills in the entire game.
 E = Experience gained in this place as a percentage of experience gained in the entire game.
 F = Experience gained in this place divided by the number of levels of this place that you have seen.
                   A       B       C       D       E      F
               +-------+-------+-------+-------+-------+----------------------
         Total | 100.0 | 100.0 |   N/A |   N/A | 100.0 |   4.3
       Dungeon | 100.0 | 100.0 |   N/A |   N/A | 100.0 |   4.3
               +-------+-------+-------+-------+-------+----------------------

Table legend: (Time is in decaauts)
 A = Elapsed time spent in this place.
 B = Non-inter-level travel time spent in this place.
 C = Inter-level travel time spent in this place.
 D = Time resting spent in this place.
 E = Time spent auto-exploring this place.
 F = Levels seen in this place.
 G = Mean time per level.
                   A        B        C        D        E       F      G
               +--------+--------+--------+--------+--------+-----+--------+
         Total |    267 |    267 |      0 |    149 |     41 |   3 |   89.0 |
       Dungeon |    267 |    267 |      0 |    149 |     41 |   3 |   89.0 |
               +--------+--------+--------+--------+--------+-----+--------+

Top non-repeatable levels by time:
     D:6: 247 daAuts
     D:5: 18 daAuts
     D:7: 1 daAuts
